 Dungeon Crawl Stone Soup version 0.28-b1-25-g9875b3fc8c (webtiles) character file.

Game seed: 2189150607516632526

416 cayde69 the Shield-Bearer (level 6, 0/53 HPs)
             Began as a Gnoll Fighter on Feb 1, 2022.
             Was a Follower of Uskayaw.
             Killed by nerve-wracking pain
             ... invoked by an orc priest
              (4 damage)
             ... on level 4 of the Dungeon.
             The game lasted 00:10:06 (4239 turns).

cayde69 the Shield-Bearer (Gnoll Fighter)           Turns: 4239, Time: 00:10:07

Health: 0/53       AC: 12    Str: 17    XL:     6   Next: 92%
Magic:  9/9        EV:  9    Int:  8    God:    Uskayaw [*.....]
Gold:   128        SH:  0    Dex: 11    Spells: 9/9 levels left

rFire   . . .      SeeInvis .   v - +4 dagger
rCold   . . .      Faith    .   c - +0 buckler
rNeg    . . .      Spirit   .   w - +3 scale mail
rPois   .          Reflect  .   (no helmet)
rElec   .          Harm     .   (no cloak)
rCorr   .          Rampage  .   (no gloves)
Will    .....                   m - +0 pair of boots
Stlth   ..........              (no amulet)
HPRegen 0.17/turn               (no ring)
MPRegen 0.11/turn               (no ring)

@: confused
A: fangs 1, strong nose, distributed training
a: Renounce Religion, Stomp


You were on level 4 of the Dungeon.
You worshipped Uskayaw.
Uskayaw was noncommittal.
You visited 1 branch of the dungeon, and saw 4 of its levels.

You collected 128 gold pieces.

Inventory:

Hand Weapons
 a - a +0 long sword
 d - a +2 hunting sling of flaming
 v - a +4 dagger (weapon)
Armour
 b - a +0 scale mail
 c - a +0 buckler (worn)
 m - a +0 pair of boots (worn)
 w - a +3 scale mail (worn)
Scrolls
 g - 2 scrolls of enchant weapon {unknown}
 i - 2 scrolls of holy word {unknown}
 j - a scroll of enchant armour {unknown}
 n - a scroll of torment {unknown}
 o - a scroll of noise {unknown}
 r - a scroll of amnesia {unknown}
 t - 2 scrolls of identify {unknown}
 u - a scroll of fear {unknown}
Potions
 e - 3 potions of curing {unknown}
 f - 2 potions of flight {unknown}
 h - a potion of berserk rage {unknown}
 k - a potion of heal wounds {unknown}
 l - a potion of lignification {unknown}
 p - 2 potions of degeneration {unknown}
 q - a potion of attraction {unknown}
 s - a potion of magic {unknown}
 x - a potion of mutation {unknown}


   Skills:
 + Level 6.9 Fighting
 + Level 2.1 Short Blades
 + Level 5.1 Long Blades
 + Level 2.1 Axes
 + Level 2.1 Maces & Flails
 + Level 2.1 Polearms
 + Level 2.1 Staves
 + Level 2.1 Slings
 + Level 2.1 Bows
 + Level 2.1 Crossbows
 + Level 2.1 Throwing
 + Level 6.9 Armour
 + Level 2.1 Dodging
 + Level 2.1 Stealth
 + Level 6.9 Shields
 + Level 2.1 Unarmed Combat
 + Level 2.1 Spellcasting
 + Level 1.7 Conjurations
 + Level 1.7 Hexes
 + Level 1.7 Summonings
 + Level 1.7 Necromancy
 + Level 1.7 Translocations
 + Level 1.7 Transmutations
 + Level 1.7 Fire Magic
 + Level 1.7 Ice Magic
 + Level 1.7 Air Magic
 + Level 1.7 Earth Magic
 + Level 1.7 Poison Magic
 + Level 2.4 Invocations
 + Level 2.1 Evocations


You had 9 spell levels left.
You didn't know any spells.
Your spell library contained the following spells:

 Spells                   Type           Power      Damage    Failure   Level
 Ensorcelled Hibernation  Hex/Ice        6%         N/A       69%         2
 Gell's Gravitas          Tloc           3%         N/A       89%         3
 Lesser Beckoning         Tloc           3%         N/A       89%         3
 Spider Form              Tmut/Pois      3%         N/A       89%         3
 Stone Arrow              Conj/Erth      6%         3d7       89%         3
 Teleport Other           Tloc           3%         N/A       89%         3
 Anguish                  Hex/Necr       1%         N/A       100%        4
 Animate Armour           Summ/Erth      6%         N/A       100%        4
 Alistair's Intoxication  Tmut/Pois      2%         N/A       100%        5
 Borgnjor's Vile Clutch   Necr/Erth      1%         N/A       100%        5
 Eringya's Noxious Bog    Tmut/Pois      1%         N/A       100%        6
 Lehudib's Crystal Spear  Conj/Erth      1%         10d2      100%        8


Dungeon Overview and Level Annotations

Branches:
Dungeon (4/15)
 Temple: D:4-7

Altars:
Uskayaw

Shops:
D:2 (


Innate Abilities, Weirdness & Mutations

You have very sharp teeth.
Your uncanny sense of smell can sniff out nearby items.
Your experience applies equally to all skills.


Message History

* * * LOW HITPOINT WARNING * * *
The orc priest closely misses you. Something hits you but does no damage.
The orc hits you with a +0 club.
* * * LOW HITPOINT WARNING * * *
You completely miss the orc. The orc barely misses you.
The orc priest hits you but does no damage.
Something hits you but does no damage. The orc hits you with a +0 club.
* * * LOW HITPOINT WARNING * * *
You hit the orc.
The orc is heavily wounded.
An orc wizard appears from thin air!
Reactivating autopickup.
The orc priest hits you but does no damage.
The orc hits you but does no damage.
The orc wizard points at you and mumbles some strange words.
You are more confused.
The orc hits you with a +0 club.
* * * LOW HITPOINT WARNING * * *
Unknown command.
You are too confused!
You hit the orc wizard.
The orc wizard is lightly wounded.
The orc priest hits you but does no damage.
The orc barely misses you.
The orc wizard mumbles some strange words.
The orc wizard flickers and vanishes!
Deactivating autopickup; reactivate with Ctrl-A.
You barely miss the orc priest. You bite the orc priest.
The orc priest is lightly wounded.
The orc barely misses you.
The orc priest hits you but does no damage.
You hear some strange, mumbled words.
A puff of flame appears from out of thin air!
The puff of flame hits you.
* * * LOW HITPOINT WARNING * * *
You hit the orc.
You kill the orc!
The orc priest mumbles some strange prayers to Beogh against you.
Pain shoots through your body!
You die...

##..#.....# ####.....# ##...##
##### ####....# ## ##...#
###..#.##.## ##. ####....#####
#......##..####..
#.......#.#.#####....#.###..#....
...............oo.##.###...##....
..o###.#...##.og@.##.......##....
..###..##......{.###........##...
o.###.###.........#####..........
..##..............###........[...
.o................#..............
......##.........................
...#.............................
..#####..#.......................
.... ..#.......................


You could see an orc priest, 2 orcs and a hobgoblin.

Vanquished Creatures
  A necrophage (D:4)
  2 jellies (D:4)
  A bullfrog skeleton (D:2)
  An iguana (D:2)
  A hound skeleton (D:3)
  7 gnolls
  6 adders
  A worm (D:2)
  4 dart slugs
  2 orcs
  4 ball pythons
  6 endoplasms
  3 giant cockroaches
  2 goblins
  10 hobgoblins
  7 jackals
  A quokka (D:1)
  9 bats
  4 frilled lizards (D:1)
  7 kobolds
  7 rats
86 creatures vanquished.

Notes
Turn   | Place    | Note
-------+----------+-------------------------------------------
     0 | D:1      | cayde69 the Gnoll Fighter began the quest for the Orb.
     0 | D:1      | Reached XP level 1. HP: 23/23 MP: 1/1
   121 | D:1      | You fall into a shaft and drop 1 floor!
   173 | D:1      | Reached XP level 2. HP: 29/29 MP: 2/2
  1198 | D:2      | Found a faded altar of an unknown god.
  1203 | D:2      | Reached XP level 3. HP: 31/35 MP: 3/3
  1339 | D:2      | Reached skill level 1 in Short Blades
  1339 | D:2      | Reached skill level 1 in Axes
  1339 | D:2      | Reached skill level 1 in Maces & Flails
  1339 | D:2      | Reached skill level 1 in Polearms
  1339 | D:2      | Reached skill level 1 in Staves
  1339 | D:2      | Reached skill level 1 in Slings
  1339 | D:2      | Reached skill level 1 in Bows
  1339 | D:2      | Reached skill level 1 in Crossbows
  1339 | D:2      | Reached skill level 1 in Throwing
  1339 | D:2      | Reached skill level 1 in Dodging
  1339 | D:2      | Reached skill level 1 in Stealth
  1339 | D:2      | Reached skill level 1 in Unarmed Combat
  1339 | D:2      | Reached skill level 1 in Spellcasting
  1339 | D:2      | Reached skill level 1 in Invocations
  1339 | D:2      | Reached skill level 1 in Evocations
  1339 | D:2      | Reached XP level 4. HP: 29/41 MP: 5/5
  1355 | D:2      | Prayed at the altar of an unknown god.
  1355 | D:2      | Became a worshipper of Uskayaw the Reveller
  1355 | D:2      | Reached * piety under Uskayaw
  1445 | D:2      | Reached ** piety under Uskayaw
  1480 | D:2      | Reached skill level 1 in Conjurations
  1480 | D:2      | Reached skill level 1 in Hexes
  1480 | D:2      | Reached skill level 1 in Summonings
  1480 | D:2      | Reached skill level 1 in Necromancy
  1480 | D:2      | Reached skill level 1 in Translocations
  1480 | D:2      | Reached skill level 1 in Transmutations
  1480 | D:2      | Reached skill level 1 in Fire Magic
  1480 | D:2      | Reached skill level 1 in Ice Magic
  1480 | D:2      | Reached skill level 1 in Air Magic
  1480 | D:2      | Reached skill level 1 in Earth Magic
  1480 | D:2      | Reached skill level 1 in Poison Magic
  1504 | D:2      | Found Ziucwuf's Weapon Emporium.
  2173 | D:2      | Reached XP level 5. HP: 37/47 MP: 5/7
  3439 | D:4      | Reached XP level 6. HP: 47/53 MP: 8/8
  3599 | D:4      | Noticed a necrophage
  3607 | D:4      | Reached *** piety under Uskayaw
  3608 | D:4      | Killed a necrophage
  3609 | D:4      | Reached skill level 5 in Long Blades
  4239 | D:4      | Killed from afar by an orc priest

Illustrated notes

Levels and vault maps discovered:
D:1:      mrwooster_arrival_statue_3, layout_basic, minmay_unequal
D:2:      layout_basic, chequers_ecumenical_altar_simple_redux, serial_shops,
          nicolae_shop_bloodbath_and_beyond, serial_park_tiny_2, minivault_14,
          minivault_5, kennysheep_generic_room_13
D:3:      layout_basic
D:4:      layout_cave_pools, grunt_ministairs_13

Skill      XL: |  1  2  3  4  5  6 |
---------------+-------------------+-----
Short Blades   | 1 2 |  2.1
Axes           | 1 2 |  2.1
Maces & Flails | 1 2 |  2.1
Polearms       | 1 2 |  2.1
Staves         | 1 2 |  2.1
Slings         | 1 2 |  2.1
Bows           | 1 2 |  2.1
Crossbows      | 1 2 |  2.1
Throwing       | 1 2 |  2.1
Dodging        | 1 2 |  2.1
Stealth        | 1 2 |  2.1
Unarmed Combat | 1 2 |  2.1
Spellcasting   | 1 2 |  2.1
Invocations    | 1 2 |  2.4
Evocations     | 1 2 |  2.1
Conjurations   | 1 |  1.7
Hexes          | 1 |  1.7
Summonings     | 1 |  1.7
Necromancy     | 1 |  1.7
Translocations | 1 |  1.7
Transmutations | 1 |  1.7
Fire Magic     | 1 |  1.7
Ice Magic      | 1 |  1.7
Air Magic      | 1 |  1.7
Earth Magic    | 1 |  1.7
Poison Magic   | 1 |  1.7
Long Blades    | 5 |  5.1
Fighting       | |  6.9
Armour         | |  6.9
Shields        | |  6.9

Action                   |  1- 3 |  4- 6 || total
-------------------------+-------+-------++-------
Melee: Long sword        |    63 |   124 ||   187
       Bite              |    10 |    18 ||    28
       Dagger            |       |    53 ||    53
Invok: Stomp             |       |     6 ||     6
  Use: Potion            |       |     1 ||     1
 Stab: Paralysed         |       |     1 ||     1
Armor: Scale mail        |    34 |    77 ||   111
Dodge: Dodged            |    28 |    73 ||   101
Block: Buckler           |    21 |    52 ||    73
